 Dungeon Crawl Stone Soup version 0.30-a0-358-g0d69a1922f (webtiles) character file.

Game seed: 10889604828403099177

147 mopl the Magician (level 5, 0/31 HPs)
             Began as an Octopode Hedge Wizard on Nov 9, 2022.
             Slain by an orc
             ... wielding a +0 short sword
              (4 damage)
             ... on level 2 of the Dungeon.
             The game lasted 00:02:54 (1395 turns).

mopl the Magician (Octopode Hedge Wizard)           Turns: 1395, Time: 00:02:55

Health: 0/31       AC:  1    Str:  9    XL:     5   Next: 29%
Magic:  11/11      EV: 13    Int: 18    God:
Gold:   57         SH:  0    Dex: 12    Spells: 6/12 levels left

rFire   . . .      SeeInvis .    a - +0 dagger
rCold   . . .      Faith    .    (no shield)
rNeg    . . .      Spirit   .    b - +0 hat
rPois   +          Reflect  .    (no amulet)
rElec   .          Harm     .    k - ring of poison resistance
rCorr   .          Rampage  .    (no ring)
Will    .....                    (no ring)
Stlth   +++.......               (no ring)
HPRegen 0.25/turn                (no ring)
MPRegen 0.12/turn                (no ring)
                                 (no ring)
                                 (no ring)

@: no status effects
A: almost no armour, amphibious, 8 rings, camouflage 1, gelatinous body 1,
(nimble swimmer 1), tentacles
a: no special abilities


You were on level 2 of the Dungeon.
You visited 1 branch of the dungeon, and saw 2 of its levels.

You collected 57 gold pieces.

Inventory:

Hand Weapons
 a - a +0 dagger (weapon)
Armour
 b - a +0 hat (worn)
Jewellery
 k - a ring of poison resistance (left tentacle)
Scrolls
 g - a scroll of immolation {unknown}
 h - 3 scrolls of identify {unknown}
 j - a scroll of summoning {unknown}
 l - a scroll of fear {unknown}
 m - a scroll of enchant armour {unknown}
Potions
 c - a potion of magic
 d - a potion of attraction {unknown}
 e - a potion of degeneration {unknown}
 f - 2 potions of ambrosia {unknown}
 i - a potion of lignification {unknown}


   Skills:
 - Level 2.0 Dodging
 - Level 2.6 Stealth
 + Level 4.0 Spellcasting
 + Level 2.9 Conjurations
 - Level 1.0 Summonings
 - Level 2.0 Translocations
 + Level 2.0 Poison Magic


You had 6 spell levels left.
You knew the following spells:

 Your Spells              Type           Power      Damage    Failure   Level
a - Magic Dart            Conj           56%        1d5       4%          1
c - Mephitic Cloud        Conj/Pois/Air  9%         N/A       22%         3
e - Blink                 Tloc           20%        N/A       10%         2

Your spell library contained the following spells:

 Spells                   Type           Power      Damage    Failure   Level
 Slow                     Hex            12%        N/A       14%         1
 Call Imp                 Summ           7%         N/A       14%         2
 Cigotuvi's Dreadful Rot  Necr/Pois/Air  12%        N/A       17%         2
 Vhi's Electric Charge    Tloc/Air       14%        N/A       28%         3
 Arcjolt                  Conj/Air       4%         1d14      92%         5
 Maxwell's Capacitive Co  Air            1%         ∞         100%        8


Dungeon Overview and Level Annotations

Branches:
Dungeon (2/15)

Altars:


Innate Abilities, Weirdness & Mutations

You cannot wear most types of armour.
You are amphibious.
You can wear up to eight rings at the same time.
Your skin changes colour to match your surroundings (Stealth+).
Your rubbery body absorbs attacks. (AC +1, EV +1)
((You are camouflaged when in or above water. (Stealth+)))
You have tentacles for arms and can constrict up to eight enemies at once.


Message History

You catch the helpless orc priest completely off-guard!
You puncture the orc priest!
The orc priest is heavily wounded.
You constrict the orc priest.
The orc priest is engulfed in noxious fumes.
You hit the orc priest.
The orc priest is severely wounded.
You constrict the orc priest.
The orc priest hits you but does no damage.
You hit the orc priest.
You kill the orc priest!
Your Spellcasting skill increases to level 4!
Your Poison Magic skill increases to level 2!
No target in view!
Things that are here:
a +0 club; a +0 club
There is a stone staircase leading down here.
You start resting.
Magic restored.
You start resting.
HP restored.
You climb downwards.
The orc barely misses you. The orc hits you with a +0 short sword.
There is a stone staircase leading up, spattered with blood here.
You hit the orc. Your grab misses the orc.
The orc is lightly wounded.
The orc barely misses you. The orc hits you with a +0 flail!
The orc shouts!
You hit the orc but do no damage. You grab the orc.
The orc is lightly wounded.
You constrict the orc. The orc barely misses you.
The orc hits you with a +0 short sword.
You are too injured to fight recklessly!
You are too injured to fight recklessly!
You hit the orc. Your grab misses the orc. Your squeeze misses the orc.
The orc is heavily wounded.
You constrict the orc. The orc hits you with a +0 flail!
* * * LOW HITPOINT WARNING * * *
The orc hits you with a +0 short sword.
You die...

#..#. oo.#.#..#
#.#.#######.# ###..#..
oo..#..# #.#.........#
.#...#... ...#..#
#.#.##....... .#.#.#....
..#..# #.#.##.######
.#.#.#.#...#.#..#####.####.#
##.#.#.......#...........#.#
#..#.......o...######.#.##.#
#.######......).## #.#.##.#
...............o@# #.#†##.#
#.#######......o## #.#.##.#
..###################.#.##.#
>.....................#.##.#
#######################.##.#
#.##.###### #.##..<)...
#.######### #.#


You could see 3 orcs.

Vanquished Creatures
  A jelly (D:2)
  An orc priest (D:1)
  A gnoll (D:1)
  2 adders (D:2)
  A worm (D:2)
  5 dart slugs
  2 orcs
  8 endoplasms
  A giant cockroach (D:1)
  2 goblins (D:1)
  4 hobgoblins
  A quokka (D:1)
  4 ball pythons (D:2)
  2 frilled lizards (D:1)
  6 kobolds
  6 rats
47 creatures vanquished.

Notes
Turn   | Place    | Note
-------+----------+-------------------------------------------
     0 | D:1      | mopl the Octopode Hedge Wizard began the quest for the Orb.
     0 | D:1      | Reached XP level 1. HP: 11/11 MP: 4/4
    73 | D:1      | Reached XP level 2. HP: 17/17 MP: 0/6
    90 | D:1      | Learned a level 2 spell: Blink
   327 | D:1      | Reached XP level 3. HP: 20/21 MP: 5/7
   348 | D:1      | Reached skill level 2 in Conjurations
   782 | D:2      | Learned a level 3 spell: Mephitic Cloud
   908 | D:2      | Reached XP level 4. HP: 27/27 MP: 9/9
  1043 | D:2      | Reached skill level 2 in Translocations
  1044 | D:2      | Reached skill level 1 in Poison Magic
  1298 | D:2      | Reached XP level 5. HP: 31/31 MP: 6/10
  1347 | D:1      | Reached skill level 4 in Spellcasting
  1347 | D:1      | Reached skill level 2 in Poison Magic
  1395 | D:2      | Slain by an orc

Illustrated notes

Levels and vault maps discovered:
D:1:      onia_arrival_pentagram, layout_basic, hex_intersection
D:2:      cheibrodos_pilgrimage, layout_basic, uniq_natasha

Skill      XL: |  1  2  3  4  5 |
---------------+----------------+-----
Conjurations   | 2 |  2.9
Translocations | 2 |  2.0
Poison Magic   | 1 2 |  2.0
Spellcasting   | 4 |  4.0
Dodging        | |  2.0
Stealth        | |  2.6
Summonings     | |  1.0

Action                   |  1- 3 |  4- 6 || total
-------------------------+-------+-------++-------
Melee: Dagger            |    59 |    24 ||    83
       Constrict         |    15 |     7 ||    22
       Tentacles         |    12 |     3 ||    15
 Cast: Magic Dart        |    18 |    13 ||    31
       Mephitic Cloud    |       |     1 ||     1
 Stab: Sleeping          |    15 |     1 ||    16
       Confused          |       |     1 ||     1
Armor: Skin              |     1 |     1 ||     2
Dodge: Dodged            |    22 |    15 ||    37

Table legend: (Time is in decaauts)
 A = Elapsed time spent in this place.
 B = Non-inter-level travel time spent in this place.
 C = Inter-level travel time spent in this place.
 D = Time resting spent in this place.
 E = Time spent auto-exploring this place.
 F = Levels seen in this place.
 G = Mean time per level.
                   A        B        C        D        E       F      G
               +--------+--------+--------+--------+--------+-----+--------+
         Total |   1396 |   1386 |     10 |    173 |    882 |   2 |  698.0 |
       Dungeon |   1396 |   1386 |     10 |    173 |    882 |   2 |  698.0 |
               +--------+--------+--------+--------+--------+-----+--------+

Top non-repeatable levels by time:
     D:1: 718 daAuts
     D:2: 678 daAuts
